 Dungeon Crawl Stone Soup version 0.17-a0-2127-g1cb09f6 (webtiles) character file.

7068 axujen the Bludgeoner (level 11, -2/60 HPs)
             Began as a Kobold Berserker on Oct 23, 2015.
             Was an Elder of Trog.
             Slain by a small abomination (8 damage)
             ... on level 1 of the Abyss.
             The game lasted 00:23:30 (10860 turns).

axujen the Bludgeoner (Kobold Berserker)           Turns: 10860, Time: 00:23:30

Health: -2/60      AC: 16    Str: 16      XL:     11   Next: 30%
Magic:  11/11      EV: 14    Int: 10 (11) God:    Trog [****..]
Gold:   460        SH:  0    Dex: 16      Spells: 0 memorised, 10 levels left

rFire  + . .     SeeInvis .     w - +0 mace
rCold  + . .     Clarity  .     D - +6 scale mail of the Spider Nest {Int+3}
rNeg   . . .     SustAt   .     (shield restricted)
rPois  .         Gourm    .     H - +1 helmet
rElec  .         Spirit   .     F - +0 cloak
rCorr  .         Warding  .     y - +0 pair of gloves
rMut   .         Stasis   .     (no boots)
MR     .....                    (no amulet)
Stlth  ..........               t - ring of protection from fire
                                z - ring of protection from cold (curse)

@: exhausted, slowed, very slow, not resistant to hostile enchantments,
extremely unstealthy
A: repulsion field 1, carnivore 3
a: Berserk, Trog's Hand, Brothers in Arms, Burn Spellbooks, Renounce Religion


You were on level 1 of the Abyss.
You worshipped Trog.
Trog was greatly pleased with you.
You were not hungry.

You visited 2 branches of the dungeon, and saw 9 of its levels.
You visited the Abyss 1 time.

You collected 460 gold pieces.

Inventory:

Hand Weapons
 w - a +0 mace (weapon)
 x - a +0 morningstar
 J - a +0 dagger of chaos
Missiles
 f - 120 stones
 I - 3 needles of confusion
 N - 8 steel tomahawks
 P - 8 poisoned tomahawks (quivered)
 Q - 13 poisoned needles
 S - 13 bolts
Armour
 y - a +0 pair of gloves (worn)
 D - the +6 scale mail of the Spider Nest (worn) {Int+3}
   (You found it on level 1 of the Abyss)

   It affects your intelligence (+3).
 F - a +0 cloak (worn)
 H - a +1 helmet (worn)
 X - a +1 leather armour of poison resistance
 Z - a +0 scale mail
Rods
 v - a +3 rod of shadows (17/17)
   (You found it on level 2 of the Dungeon)
Jewellery
 t - a ring of protection from fire (right hand)
 z - a cursed ring of protection from cold (left hand)
 V - an uncursed ring of ice
Wands
 O - a wand of slowing (18)
Scrolls
 l - 2 scrolls of fear
 p - a scroll of noise {unknown}
 E - 2 scrolls of immolation {unknown}
 L - a scroll of amnesia {unknown}
 M - 3 scrolls of remove curse
 T - 3 scrolls of identify
Potions
 g - 3 potions of curing
 j - 2 potions of invisibility
 o - a potion of flight
 A - a potion of resistance
 B - a potion of magic
 G - 2 potions of cancellation
 R - a potion of lignification
 W - a potion of mutation {!q}
 Y - a potion of ambrosia
Comestibles
 c - 4 meat rations
 C - a slice of pizza


   Skills:
 - Level 3.2 Fighting
 + Level 15.9 Maces & Flails
 - Level 1.5 Armour
 - Level 2.4 Dodging


You had 10 spell levels left.
You didn't know any spells.

Dungeon Overview and Level Annotations

Branches:
Dungeon (8/15)             Temple (1/1) D:7
   Lair: D:8-11

Altars:
Ashenzari
Cheibriados
Dithmenos
Elyvilon
Fedhas
Gozag
Kikubaaqudgha
Makhleb
Nemelex Xobeh
Okawaru
Qazlal
Ru
Sif Muna
Trog
Vehumet
Xom
Yredelemnul
Zin
The Shining One


Innate Abilities, Weirdness & Mutations

You are small and have problems with some larger weapons.
You are carnivorous and can eat meat at any time.
You are surrounded by a mild repulsion field (EV +2).


Message History

Read which item? (? for menu, Esc to quit)
As you read the scroll of fear, it crumbles to dust.
You assume a fearsome visage.
The large abomination is unaffected.
The large abomination hits you but does no damage.
The large abomination barely misses you.
The large abomination hits you!
* * * LOW HITPOINT WARNING * * *
A small abomination comes into view.
The large abomination misses you.
Unknown command.
The water elemental hits you!
* * * LOW HITPOINT WARNING * * *
The water elemental engulfs you in water!
With effort, you pull free of the water engulfing you.
You gasp with relief as air once again reaches your lungs.
The water elemental closely misses you.
The small abomination completely misses you.
The large abomination barely misses you.
The water elemental hits you. The small abomination hits you!
You die...

. .# # .#.. ♣ #. .. .
♣. ♣ # .# . . . .♣.♣#
..# . . . ♣♣.♣♣# #...
# ♣....♣#... .#..# .
#.♣.....# #....##
#.##....# # .
#.#...######+Ex'####..
#..........XK.......
#......#...#........#
####.#####.##########
### ###


You could see a large abomination, a water elemental and a small abomination.

Vanquished Creatures
  A tentacled starspawn (Abyss:1)
  A centaur warrior (D:6)
  The ghost of axujen the Basher, a novice KoBe of Trog (D:7)
  A giant orange brain (Abyss:1)
  Grinder (D:6)
  3 ynoxinuls (Abyss:1)
  A spriggan (D:7)
  2 hippogriffs (D:7)
  Edmund (D:5)
  2 ice beasts
  2 orc warriors
  2 phantoms
  2 centaurs (D:6)
  An ogre (D:6)
  Blork the orc (D:5)
  3 giant frogs
  2 small abominations (Abyss:1)
  3 scorpions
  4 wights (D:6)
  3 crimson imps
  A giant frog zombie (D:8)
  2 jellies (D:6)
  7 orc wizards
  Crazy Yiuf (D:6)
  3 orc priests
  6 worker ants
  2 giant frog skeletons (D:6)
  3 hounds
  3 iguanas
  A hound zombie (D:5)
  2 hound skeletons (D:4)
  6 adders
  A white imp (Abyss:1)
  An ooze (D:1)
  2 adder skeletons
  5 worms
  8 giant geckos
  22 orcs
  6 bats
  5 giant cockroaches
  13 hobgoblins
  6 kobolds
  4 quokkas
  A ball python (D:1)
  A ball python skeleton (D:4)
  A giant gecko zombie (D:5)
  8 giant newts
  13 goblins
  A quokka skeleton (D:6)
  A quokka zombie (D:5)
  5 rats
178 creatures vanquished.

Vanquished Creatures (collateral kills)
  A giant gecko (D:7)
1 creature vanquished.

Vanquished Creatures (others)
  2 starspawn tentacles (Abyss:1)
  A starspawn tentacle segment (Abyss:1)
3 creatures vanquished.

Grand Total: 182 creatures vanquished

Notes
Turn   | Place    | Note
--------------------------------------------------------------
     0 | D:1      | axujen the Kobold Berserker began the quest for the Orb.
     0 | D:1      | Reached XP level 1. HP: 14/14 MP: 1/1
   220 | D:1      | Reached XP level 2. HP: 12/19 MP: 2/2
   381 | D:1      | Reached ** piety under Trog
   381 | D:1      | Reached skill level 4 in Maces & Flails
   381 | D:1      | Reached XP level 3. HP: 6/23 MP: 3/3
  1317 | D:2      | Identified a +0 rod of shadows (14/14) (You found it on level 2 of the Dungeon)
  1541 | D:2      | Found a shattered altar of Ashenzari.
  1598 | D:2      | Reached XP level 4. HP: 28/28 MP: 4/4
  2280 | D:3      | Reached skill level 5 in Maces & Flails
  2467 | D:3      | Reached *** piety under Trog
  2472 | D:3      | Reached XP level 5. HP: 22/32 MP: 5/5
  2614 | D:3      | Found a faded altar to an unknown god.
  2986 | D:3      | Found a shimmering altar of Xom.
  2987 | D:3      | Found a burning altar of Makhleb.
  3159 | D:4      | Reached skill level 6 in Maces & Flails
  3159 | D:4      | Reached XP level 6. HP: 37/37 MP: 6/6
  3264 | D:4      | Found a sacrificial altar of Ru.
  3334 | D:4      | Noticed a phantom
  3407 | D:4      | Killed a phantom
  3793 | D:4      | Reached skill level 7 in Maces & Flails
  4253 | D:4      | Reached XP level 7. HP: 41/41 MP: 7/7
  4258 | D:5      | Entered Level 5 of the Dungeon
  4643 | D:5      | Noticed Edmund
  4653 | D:5      | Killed Edmund
  4653 | D:5      | Reached skill level 8 in Maces & Flails
  4742 | D:5      | Noticed Blork the orc
  4754 | D:5      | Killed Blork the orc
  5367 | D:5      | Reached XP level 8. HP: 46/46 MP: 8/8
  5439 | D:5      | Reached skill level 9 in Maces & Flails
  5662 | D:5      | Found an opulent altar of Gozag.
  6479 | D:6      | Found a sparkling altar of Nemelex Xobeh.
  6483 | D:6      | Noticed Grinder
  6488 | D:6      | Paralysed by Grinder for 2 turns
  6499 | D:6      | Paralysed by Grinder for 7 turns
  6507 | D:6      | Killed Grinder
  6507 | D:6      | Reached skill level 10 in Maces & Flails
  6636 | D:6      | Reached **** piety under Trog
  6816 | D:6      | Noticed Crazy Yiuf
  6826 | D:6      | Killed Crazy Yiuf
  6915 | D:6      | Reached XP level 9. HP: 36/51 MP: 9/9
  7036 | D:6      | Reached skill level 11 in Maces & Flails
  7826 | D:6      | Reached skill level 12 in Maces & Flails
  7880 | D:6      | Noticed a centaur warrior
  8134 | D:6      | Killed a centaur warrior
  8134 | D:6      | Reached skill level 13 in Maces & Flails
  8134 | D:6      | Reached XP level 10. HP: 43/56 MP: 10/10
  8928 | D:7      | Noticed axujen's ghost (novice KoBe)
  8999 | D:7      | Killed axujen's ghost
  9229 | D:7      | Found a staircase to the Ecumenical Temple.
  9241 | Temple   | Entered the Ecumenical Temple
  9361 | D:7      | Reached skill level 14 in Maces & Flails
 10109 | D:7      | Gained mutation: You are surrounded by a mild repulsion field (EV +2). [potion of beneficial mutation]
 10389 | D:8      | Received a gift from Trog
 10432 | D:8      | Cast into the Abyss (orc wizard)
 10442 | Abyss:1  | Got a transparent scale mail
 10443 | Abyss:1  | Identified the +6 scale mail of the Spider Nest {Int+3} (You found it on level 1 of the Abyss)
 10444 | Abyss:1  | Noticed a starcursed mass
 10771 | Abyss:1  | Noticed a large abomination
 10810 | Abyss:1  | Noticed a giant orange brain
 10824 | Abyss:1  | Noticed a tentacled starspawn
 10839 | Abyss:1  | Killed a tentacled starspawn
 10839 | Abyss:1  | Reached skill level 15 in Maces & Flails
 10839 | Abyss:1  | Reached XP level 11. HP: 56/60 MP: 11/11
 10849 | Abyss:1  | Killed a giant orange brain
 10849 | Abyss:1  | HP: 2/90 [large abomination (20)]
 10860 | Abyss:1  | Slain by a small abomination

Vault maps used:
D:1:      lightli_arrival_statue_moat
D:2:      ashenzari_altar_1
D:3:      grunt_temple_overflow_champion_of_chaos, ecumenical_altar_2
D:4:      nicolae_ru_awakened_eye, first_bread, minmay_bisected
D:5:      basic_altar, uniq_edmund, uniq_blork_the_orc
D:6:      nemelex_xobeh_ov_fountains_minmay, uniq_grinder,
          uniq_crazy_yiuf_cottage
D:7:      minmay_temple_entry_glass, the_bakery, kennysheep_generic_room_14
D:8:      serial_glass, glass_columns_a, glass_columns_a, uniq_psyche
Temple:   water_room_temple_a_12
Abyss:1:  hangedman_abyss_shoalhut

Action                   |  1- 3 |  4- 6 |  7- 9 | 10-12 || total
-------------------------+-------+-------+-------+-------++-------
Melee: Mace              |   108 |   221 |   214 |   146 ||   689
       Morningstar       |       |       |    68 |    67 ||   135
Invok: Berserk           |     3 |     4 |    18 |    10 ||    35
       Trog's Hand       |       |     3 |     3 |       ||     6
Evoke: Rod               |     2 |       |       |     4 ||     6
  Use: Scroll            |       |     9 |     3 |    13 ||    25
       Potion            |       |     1 |       |     2 ||     3
 Stab: Sleeping          |       |     2 |     1 |       ||     3
       Distracted        |       |     1 |       |     1 ||     2
  Eat: Chunk             |    14 |    14 |    31 |    13 ||    72
